[Event "Titled Tuesday Blitz October 26 2021"]
[White "Urazayev, Arystanbek"]
[Black "Rozman, Levy"]
[WhiteFideId "13709810"]
[BlackFideId "2039877"]
[WhiteElo "2321"]
[BlackElo "2376"]
[Result "0-1"]
[Round "11"]
[TimeControl "180+1"]
[Date "2021.10.26"]
[WhiteClock "0:00:35"]
[BlackClock "0:00:14"]

1. e4 c6 2. Nf3 d5 3. Nc3 dxe4 4. Nxe4 Nf6 5. Nxf6+ exf6 6. Bc4 Bd6 7. Qe2+ Qe7 8. Qxe7+ Bxe7 9. O-O O-O 10. h3 Bd6 11. d4 Bf5 12. c3 Nd7 13. Re1 Rfe8 14. Bd2 b5 15. Bb3 Be4 16. Nh2 Nb6 17. Nf1 a5 18. a3 a4 19. Ba2 Bd5 20. Bxd5 Nxd5 21. Ne3 Nb6 22. Re2 Re6 23. Rae1 Rae8 24. Kf1 g6 25. Ng4 Nd5 26. g3 h5 27. Ne3 Nb6 28. h4 f5 29. Ng2 Nc4 30. Bc1 Kg7 31. Ne3 Nb6 32. Nd1 Nc4 33. Bg5 Re4 34. Rxe4 fxe4 35. Bc1 f5 36. Ne3 Kf6 37. Nxc4 bxc4 38. Kg2 Rb8 39. f3 Re8 40. Kf2 Re6 41. Bg5+ Kf7 42. fxe4 Rxe4 43. Rxe4 fxe4 44. Ke3 Bxg3 45. Kxe4 Ke6 46. Kf3 Bd6 47. Ke4 Bg3 48. Bd8 Be1 49. Ke3 Kf5 50. d5 cxd5 51. Kd4 Kg4 52. Kxd5 Bxh4 53. Bb6 Bf6 54. Kxc4 h4 55. Kd5 h3 56. Bc7 Bg5 57. Ke4 Bh4 58. Bh2 Bg3 59. Bg1 h2 60. Bxh2 Bxh2 61. c4 Kg5 62. c5 Kf6 63. Kd5 g5 64. c6 g4 65. Ke4 Bc7 66. Ke3 g3 67. Kf3 Ke6 68. b4 axb3 69. a4 b2 70. a5 b1=Q 71. a6 Qf1+ 72. Kg4 g2 73. a7 g1=Q+ 74. Kh5 Qh3# 0-1


[Site "https://www.chess.com"]

[Event "Titled Tuesday Blitz October 26 2021"]
[White "Vlachos, Anatole"]
[Black "Maksimovic, Bojan"]
[WhiteFideId "26093189"]
[BlackFideId "14408120"]
[WhiteElo "2350"]
[BlackElo "2439"]
[Result "1/2-1/2"]
[Round "11"]
[TimeControl "180+1"]
[Date "2021.10.26"]
[WhiteClock "0:00:17"]
[BlackClock "0:00:13"]

1. e4 c5 2. Nf3 Nc6 3. d4 cxd4 4. Nxd4 Nf6 5. Nc3 e5 6. Ndb5 h6 7. Bc4 a6 8. Nd6+ Bxd6 9. Qxd6 Qe7 10. Qxe7+ Kxe7 11. Be3 d6 12. O-O-O Be6 13. Nd5+ Bxd5 14. exd5 Nb8 15. f4 Nbd7 16. h3 Rhc8 17. Bb3 Nc5 18. Rhe1 Nxb3+ 19. axb3 Nd7 20. g4 f6 21. h4 Kf7 22. f5 a5 23. Kb1 a4 24. bxa4 Rxa4 25. Rg1 Rca8 26. c3 Re4 27. Bc1 Nc5 28. Kc2 h5 29. gxh5 Rxh4 30. h6 gxh6 31. Rg6 Rh2+ 32. Rd2 Rxd2+ 33. Bxd2 Rh8 34. Bxh6 Rh7 35. b4 Ne4 36. c4 Ng3 37. Rxg3 Rxh6 38. c5 Rh4 39. cxd6 Rd4 40. Rd3 Rxd3 41. Kxd3 Ke8 42. Kc4 Kd7 43. b5 b6 44. Kb4 Kxd6 45. Kc4 e4 46. Kd4 e3 47. Kxe3 Kxd5 48. Kd3 Kc5 49. Ke4 Kxb5 50. Kd5 Ka4 51. Ke6 b5 52. Kxf6 b4 53. Kg7 b3 54. f6 b2 55. f7 b1=Q 56. f8=Q Qg1+ 57. Kf7 Qf1+ 58. Ke7 Qxf8+ 59. Kxf8 1/2-1/2


[Site "https://www.chess.com"]

[Event "Titled Tuesday Blitz October 26 2021"]
[White "Yaksin, Oleg"]
[Black "Gabrielian, Artur"]
[WhiteFideId "24105880"]
[BlackFideId "4131002"]
[WhiteElo "2256"]
[BlackElo "2489"]
[Result "0-1"]
[Round "11"]
[TimeControl "180+1"]
[Date "2021.10.26"]
[WhiteClock "0:00:04"]
[BlackClock "0:00:13"]

1. d4 Nf6 2. c4 c5 3. d5 e6 4. g3 exd5 5. cxd5 d6 6. Nc3 g6 7. Bg2 Bg7 8. Nf3 O-O 9. O-O Re8 10. Bf4 Bf5 11. Nd2 Nh5 12. e4 Nxf4 13. gxf4 Bc8 14. Nc4 Na6 15. Nb5 Bf8 16. e5 dxe5 17. fxe5 Bd7 18. Nbd6 Bxd6 19. Nxd6 Rxe5 20. Re1 Qf6 21. Nxb7 Rae8 22. Rxe5 Rxe5 23. Qf3 Rf5 24. Qc3 Qb6 25. Na5 Nb4 26. Nc4 Qd8 27. Ne3 Rg5 28. Qxc5 Nd3 29. Qd4 Ne5 30. Kh1 Rh5 31. f4 Qh4 32. Nf1 Ng4 33. Qg1 Nf2+ 34. Qxf2 Qxf2 35. Rd1 Qxf4 36. Rd2 Re5 37. Kg1 Re1 38. Rc2 Bb5 39. Rf2 Qd4 40. h3 Bxf1 41. Bxf1 Qxd5 42. Kh2 Qd6+ 43. Kg2 Re3 44. Bc4 Qg3+ 45. Kf1 Qxh3+ 46. Kg1 Rg3+ 47. Rg2 Qxg2# 0-1


[Site "https://www.chess.com"]

[Event "Titled Tuesday Blitz October 26 2021"]
[White "Yeletsky, Ivan"]
[Black "Kislov, Oleg"]
[WhiteFideId "24180327"]
[BlackFideId "13503774"]
[WhiteElo "2352"]
[BlackElo "2252"]
[Result "1/2-1/2"]
[Round "11"]
[TimeControl "180+1"]
[Date "2021.10.26"]
[WhiteClock "0:00:08"]
[BlackClock "0:00:04"]

1. e4 c5 2. Nf3 Nc6 3. b4 cxb4 4. d4 d5 5. exd5 Qxd5 6. c4 bxc3 7. Nxc3 Qa5 8. Bd2 e6 9. Bb5 Bb4 10. Qc2 Bd7 11. Bd3 Bxc3 12. Bxc3 Nb4 13. Qd2 Nxd3+ 14. Qxd3 Qd5 15. a4 Nf6 16. Bb4 a5 17. Ba3 b5 18. Bc5 Rc8 19. Qe3 Ne4 20. O-O Nxc5 21. dxc5 Qxc5 22. Qd2 Qb4 23. Qg5 O-O 24. Rfb1 Qc5 25. axb5 Qxg5 26. Nxg5 Rc5 27. Ne4 Rxb5 28. Rxb5 Bxb5 29. Rxa5 Bc6 30. Nc3 g6 31. Rc5 Rc8 32. h3 Bb7 33. Rxc8+ Bxc8 34. Ne4 Kg7 35. f3 Bb7 36. Nd6 Bc6 37. Kf2 Kf6 38. Ke3 Ke7 39. Nc8+ Kd7 40. Nb6+ Kd6 41. Nc4+ Kd5 42. Nd2 f5 43. f4 e5 44. g3 h6 45. Nf3 exf4+ 46. gxf4 Ke6 47. Nd4+ Kd6 48. h4 Be4 49. Nb5+ Ke6 50. Nd4+ Kf6 51. Ne2 Ke6 52. Nd4+ Kd5 53. Ne2 Kc4 54. Ng3 Bd3 55. h5 g5 56. Nh1 Be4 57. Nf2 Bc2 58. fxg5 hxg5 59. Nh3 f4+ 60. Nxf4 gxf4+ 61. Kxf4 Kd5 62. Kg5 Ke6 63. h6 Kf7 64. h7 Bxh7 1/2-1/2


[Site "https://www.chess.com"]

[Event "Titled Tuesday Blitz October 26 2021"]
[White "Yoo, Christopher Woojin"]
[Black "Sonis, Francesco"]
[WhiteFideId "30909694"]
[BlackFideId "895733"]
[WhiteElo "2105"]
[BlackElo "2373"]
[Result "0-1"]
[Round "11"]
[TimeControl "180+1"]
[Date "2021.10.26"]
[WhiteClock "0:00:04"]
[BlackClock "0:01:23"]

1. e4 Nc6 2. Nf3 e5 3. Bb5 a6 4. Ba4 b5 5. Bb3 Nf6 6. d4 exd4 7. e5 Ne4 8. Bd5 Nc5 9. Nxd4 Bb7 10. O-O Ne6 11. Nf3 Be7 12. a4 O-O 13. Nc3 b4 14. Ne4 Rb8 15. Re1 Qc8 16. Ng3 Rd8 17. Nf5 Bf8 18. Re4 Ne7 19. Nxe7+ Bxe7 20. Rg4 Bxd5 21. Qxd5 d6 22. Bh6 Bf8 23. Ng5 dxe5 24. Qxe5 Nxg5 25. Qxg5 Rd6 26. Rg3 Rg6 27. Qf4 gxh6 0-1


[Site "https://www.chess.com"]

[Event "Titled Tuesday Blitz October 26 2021"]
[White "Zhigalko, Sergei"]
[Black "Djordjevic, Vuk"]
[WhiteFideId "13502956"]
[BlackFideId "902098"]
[WhiteElo "2662"]
[BlackElo "2463"]
[Result "1-0"]
[Round "11"]
[TimeControl "180+1"]
[Date "2021.10.26"]
[WhiteClock "0:00:07"]
[BlackClock "0:00:05"]

1. e4 e6 2. d4 d5 3. e5 c5 4. c3 Nc6 5. Nf3 Qb6 6. a3 Nh6 7. b4 cxd4 8. cxd4 Nf5 9. Be3 f6 10. exf6 gxf6 11. Bd3 Nxe3 12. fxe3 Bh6 13. Qe2 O-O 14. Nc3 Qc7 15. Rc1 Qg7 16. O-O Ne7 17. Nb5 e5 18. Nh4 Qg5 19. Rc7 Bg4 20. Bxh7+ Kxh7 21. Rxe7+ Kg8 22. Qc2 f5 23. Rxe5 Qxh4 24. h3 Bh5 25. Rfxf5 Rxf5 26. Qxf5 Bf7 27. Nd6 Rf8 28. Nxf7 Rxf7 29. Re8+ Bf8 30. Qg6+ Rg7 31. Qe6+ Rf7 32. Qg6+ Rg7 33. Qe6+ Rf7 34. Qxd5 Qe1+ 35. Kh2 Qf2 36. Qg5+ Rg7 37. Qd5+ Qf7 38. Qxf7+ Rxf7 39. Ra8 Kg7 40. Rxa7 Bd6+ 41. Kg1 Bg3 42. a4 Rc7 43. Kf1 Rc2 44. Rxb7+ Kf6 45. Rb8 Rf2+ 46. Kg1 Rc2 47. Rf8+ Ke6 48. Rf3 Rc1+ 49. Rf1 Rc3 50. Ra1 Rxe3 51. a5 Bb8 52. b5 Rb3 53. b6 Kd5 54. a6 Rxb6 55. a7 Bxa7 56. Rxa7 Kxd4 57. Re7 Kd5 58. Kh2 Rb3 59. Re1 Kd6 60. h4 Kd7 61. g3 Rc3 62. Kh3 Rc4 63. h5 Rc5 64. g4 Rc2 65. Kh4 Rc6 1-0